 Dungeon Crawl Stone Soup version 0.26.1-11-gd32895ea62 (webtiles) character file.

Game seed: 4591897662062647977

330 Zeld the Chucker (level 6, -4/38 (39) HPs)
             Began as an Octopode Brigand on May 16, 2021.
             Killed by nerve-wracking pain
             ... invoked by Grinder
              (14 damage)
             ... on level 3 of the Dungeon.
             The game lasted 00:03:49 (4897 turns).

Zeld the Chucker (Octopode Brigand)                 Turns: 4897, Time: 00:03:49

HP:   -4/38 (39)    AC:  1    Str: 13    XL:     6   Next: 51%
MP:   10/10         EV: 13    Int: 13    God:
Gold: 157           SH:  0    Dex: 13    Spells: 11/11 levels left

rFire    . . .     SeeInvis .   p - +2 dagger (drain)
rCold    . . .     Faith    .   (no shield)
rNeg     . . .     Spirit   .   (helmet restricted)
rPois    .         Reflect  .   (no amulet)
rElec    .         Harm     .   (no ring)
rCorr    .         Rampage  .   (no ring)
Will     .....                  (no ring)
Stlth    ++++......             (no ring)
HPRegen  0.12/turn              (no ring)
MPRegen  0.12/turn              (no ring)
                                (no ring)
                                (no ring)

@: lightly drained
A: almost no armour, stealthy swim, amphibious, 8 rings, constrict 8, camouflage
1, gelatinous body 1
a: no special abilities


You were on level 3 of the Dungeon.
You visited 1 branch of the dungeon, and saw 3 of its levels.

You collected 157 gold pieces.

Inventory:

Hand Weapons
 a - a +2 dagger
 p - a +2 dagger of draining (weapon)
Missiles
 b - 8 poisoned darts (quivered)
 c - 2 curare-tipped darts
Jewellery
 f - an uncursed ring of fire {unknown}
Scrolls
 d - a scroll of random uselessness {unknown}
 e - a scroll of teleportation {unknown}
 j - 4 scrolls of identify {unknown}
 l - a scroll of fear {unknown}
 n - a scroll of noise {unknown}
Potions
 g - a potion of might {unknown}
 h - a potion of attraction {unknown}
 i - a potion of haste {unknown}
 k - a potion of resistance {unknown}
 m - a potion of brilliance {unknown}
 o - a potion of lignification {unknown}
 q - 2 potions of curing {unknown}


   Skills:
 - Level 2.0 Fighting
 - Level 2.0 Short Blades
 * Level 5.6 Throwing
 - Level 1.0 Dodging
 - Level 5.3 Stealth
 + Level 3.0 Spellcasting


You had 11 spell levels left.
You didn't know any spells.
Your spell library was empty.

Dungeon Overview and Level Annotations

Branches:
Dungeon (3/15)

Altars:
Ashenzari
Elyvilon
Gozag
Makhleb

Annotations:
D:3 Grinder, Robin, Terence


Innate Abilities, Weirdness & Mutations

You cannot wear most types of armour.
You are very stealthy in the water. (Stealth+)
You are amphibious.
You can wear up to eight rings at the same time.
You can use your tentacles to constrict eight enemies at once.
Your skin changes colour to match your surroundings (Stealth+).
Your rubbery body absorbs attacks. (AC +1, EV +1)


Message History

Grinder is severely wounded.
You constrict Grinder.
Grinder struggles to blink free from constriction.
You hit Grinder.
Grinder is almost dead.
You constrict Grinder. Grinder gestures at you.
You barely resist. You barely miss Grinder.
You squeeze Grinder, but do no damage.
Grinder is almost dead.
You constrict Grinder.
Grinder blinks free!
Unknown command.
Grinder gestures at you. Pain shoots through your body!
Grinder gestures at you. Pain shoots through your body!
* * * LOW HITPOINT WARNING * * *
Grinder gestures at you. Pain shoots through your body!
You die...

..###########..........#
### #.#.⌠.⌠.#..# #
#..........#
#.#.....#..#
#...._.....#
#.#...5.#..#
####[.........#
#....#.⌠.⌠.#...
#.##...@..$.... #
#.#.....#..#
#..........#
#####.####.# ... # ####


You could see Grinder.

Vanquished Creatures
  Sigmund (D:2)
  A crimson imp (D:2)
  2 orc wizards (D:2)
  3 adders
  A worm (D:2)
  4 dart slugs
  3 leopard geckos
  3 orcs (D:3)
  A giant cockroach (D:2)
  2 goblins
  7 hobgoblins
  5 bats
  2 frilled lizards (D:1)
  5 kobolds
  7 rats
47 creatures vanquished.

Notes
Turn   | Place    | Note
-------+----------+-------------------------------------------
     0 | D:1      | Zeld the Octopode Brigand began the quest for the Orb.
     0 | D:1      | Reached XP level 1. HP: 14/14 MP: 1/1
   443 | D:1      | Reached XP level 2. HP: 19/19 MP: 2/2
  1173 | D:2      | Reached skill level 1 in Spellcasting
  1173 | D:2      | Reached XP level 3. HP: 12/24 MP: 4/4
  1934 | D:2      | Noticed Sigmund
  2631 | D:2      | Found a burning altar of Makhleb.
  2638 | D:2      | Reached XP level 4. HP: 29/29 MP: 6/6
  3255 | D:2      | Killed Sigmund
  3256 | D:2      | Reached skill level 5 in Throwing
  3256 | D:2      | Reached XP level 5. HP: 13/34 MP: 6/9
  3256 | D:2      | Reached XP level 6. HP: 15/39 MP: 6/10
  3611 | D:2      | Found a burning altar of Makhleb.
  3971 | D:3      | Found an opulent altar of Gozag.
  4430 | D:3      | Found a white marble altar of Elyvilon.
  4670 | D:3      | Found a broken altar of Ashenzari.
  4680 | D:3      | Noticed Robin
  4724 | D:3      | Noticed Terence
  4879 | D:3      | Noticed Grinder
  4897 | D:3      | Killed from afar by Grinder

Illustrated notes

Levels and vault maps discovered:
D:1:      minmay_arrival_checkered_box, layout_loops_corners
D:2:      layout_loops_corners, makhleb_grotto_becter, uniq_sigmund
D:3:      layout_loops_ring, elyvilon_altar_5, grunt_gozag_statues,
          lemuel_crystal_altar, nicolae_ashenzari_panopticon, uniq_terence,
          uniq_grinder, uniq_robin, uniq_crazy_yiuf_cottage

Skill      XL: |  1  2  3  4  5  6 |
---------------+-------------------+-----
Throwing       | 3 5 |  5.6
Spellcasting   | 1 2 3 |  3.0
Fighting       | |  2.0
Short Blades   | |  2.0
Dodging        | |  1.0
Stealth        | |  5.3

Action                   |  1- 3 |  4- 6 || total
-------------------------+-------+-------++-------
Melee: Dagger            |    61 |    44 ||   105
       Constrict         |    15 |    11 ||    26
       Tentacles         |     7 |     9 ||    16
Throw: Dart              |       |     6 ||     6
 Stab: Sleeping          |    11 |     3 ||    14
Armor: Skin              |     7 |     1 ||     8
Dodge: Dodged            |    32 |    23 ||    55
